 Dungeon Crawl Stone Soup version 0.19-a0-1821-g42c593c (webtiles) character file.

322 wazuzu the Cudgeler (level 6, -4/48 HPs)
             Began as a Draconian Skald on Oct 6, 2016.
             Was a Believer of Lugonu.
             Slain by Shenda's ghost (13 damage)
             ... on level 3 of the Dungeon.
             The game lasted 00:08:50 (2824 turns).

wazuzu the Cudgeler (Draconian Skald)               Turns: 2824, Time: 00:08:51

Health: -4/48      AC:  6    Str: 14    XL:     6   Next: 22%
Magic:  8/9        EV: 12    Int: 12    God:    Lugonu [**....]
Gold:   107        SH:  0    Dex: 13    Spells: 4 memorised, 0 levels left

rFire  . . .     SeeInvis .     q - +1 morningstar
rCold  . . .     Gourm    .     (armour unavailable)
rNeg   . . .     Faith    .     (no shield)
rPois  .         Spirit   .     (helmet restricted)
rElec  .         Dismiss  .     (no cloak)
rCorr  .         Reflect  .     (no gloves)
MR     .....     Harm     .     (no boots)
Stlth  ++........               (no amulet)
                                (no ring)
                                i - ring of stealth

@: no status effects
A: unfitting armour, cold-blooded, AC +6
a: Depart the Abyss, Bend Space, Renounce Religion


You were on level 3 of the Dungeon.
You worshipped Lugonu.
Lugonu was pleased with you.
You were not hungry.

You visited 1 branch of the dungeon, and saw 3 of its levels.

You collected 107 gold pieces.

Inventory:

Hand Weapons
 q - a +1 morningstar (weapon)
Jewellery
 i - a ring of stealth (left hand)
Wands
 n - a wand of disintegration (14/24)
 o - a wand of flame (9/48)
Scrolls
 e - 2 scrolls of amnesia
Potions
 f - a potion of resistance {unknown}
 j - a potion of brilliance {unknown}
 k - a potion of cure mutation
Comestibles
 a - a chunk of flesh
 c - 2 bread rations
 l - a meat ration


   Skills:
 - Level 2.1 Fighting
 + Level 6.6 Maces & Flails
 - Level 1.3 Dodging
 - Level 2.0 Spellcasting
 - Level 2.6 Charms


You couldn't memorise any spells.
You knew the following spells:

 Your Spells              Type           Power        Failure   Level  Hunger
a - Infusion              Chrm           #...         12%         1    ##.....
b - Shroud of Golubria    Chrm/Tloc      #.........   28%         2    ###....
c - Spectral Weapon       Hex/Chrm       #.......     56%         3    ####...
d - Regeneration          Chrm/Necr      #.........   56%         3    ####...


Dungeon Overview and Level Annotations

Branches:
Dungeon (3/15)

Altars:
Lugonu

Annotations:
D:3 Shenda's ghost, novice FoFi


Innate Abilities, Weirdness & Mutations

Your plain brown scales are hard. (AC +6)
You cannot fit into any form of body armour.
You are cold-blooded and may be slowed by cold attacks.


Message History

Shenda's ghost is almost destroyed.
Shenda's ghost barely misses you.
You hit Shenda's ghost but do no damage.
Your tail-slap misses Shenda's ghost.
Shenda's ghost is almost destroyed.
Shenda's ghost hits you.
* * * LOW HITPOINT WARNING * * *
You hit Shenda's ghost but do no damage.
Shenda's ghost is almost destroyed.
Shenda's ghost hits you but does no damage.
You closely miss Shenda's ghost.
Shenda's ghost is almost destroyed.
You are no longer magically infusing your attacks.
Shenda's ghost hits you.
* * * LOW HITPOINT WARNING * * *
You hit Shenda's ghost but do no damage.
Your tail-slap misses Shenda's ghost.
Shenda's ghost is almost destroyed.
Shenda's ghost hits you!
You die...

# # # ############# #
########............
####### ##...........#.#
#.....# ##.#####.###...##
####.# #.### ##.#
#.##.....# #.'..# #..'.
[..#
#.##.....######.##.###.##.
####
#.##.....@W.....##..)..###
# #.##.....###############
# #.##>....# #.########
#.#


You could see Shenda's ghost.

Vanquished Creatures
  Sigmund (D:2)
  Jessica (D:2)
  Terence (D:2)
  5 adders
  A dart slug (D:1)
  5 orcs
  12 bats
  5 giant cockroaches
  6 goblins
  4 hobgoblins
  4 jackals
  A ball python (D:2)
  3 frilled lizards (D:2)
  7 kobolds
  4 rats
60 creatures vanquished.

Notes
Turn   | Place    | Note
-------+----------+-------------------------------------------
     0 | D:1      | wazuzu the Draconian Skald began the quest for the Orb.
     0 | D:1      | Reached XP level 1. HP: 17/17 MP: 3/3
   120 | D:1      | Reached XP level 2. HP: 24/24 MP: 5/5
   314 | D:1      | Reached skill level 3 in Maces & Flails
   603 | D:2      | Found a faded altar of an unknown god.
   620 | D:2      | Reached XP level 3. HP: 28/29 MP: 6/6
   647 | D:2      | Became a worshipper of Lugonu the Unformed
   647 | D:2      | Reached * piety under Lugonu
   647 | D:2      | Reached ** piety under Lugonu
   767 | D:2      | Noticed Sigmund
   790 | D:2      | Killed Sigmund
   790 | D:2      | Reached skill level 5 in Maces & Flails
   790 | D:2      | Reached XP level 4. HP: 19/36 MP: 0/7
   790 | D:2      | Reached XP level 5. HP: 22/41 MP: 0/8
  1198 | D:2      | Noticed Terence
  1526 | D:2      | Noticed Jessica
  1538 | D:2      | Killed Jessica
  1538 | D:2      | Reached skill level 6 in Maces & Flails
  1621 | D:2      | Killed Terence
  1784 | D:2      | Reached XP level 6. HP: 48/48 MP: 9/9
  2315 | D:2      | Learned a level 2 spell: Shroud of Golubria
  2319 | D:2      | Learned a level 3 spell: Spectral Weapon
  2323 | D:2      | Learned a level 3 spell: Regeneration
  2359 | D:3      | Noticed Shenda's ghost (novice FoFi)
  2824 | D:3      | Slain by Shenda's ghost

Vault maps used:
D:1:      lightli_arrival_boilingwater, minmay_misc_feat_nine_boxes
D:2:      ecumenical_altar_1, eino_curves_01, uniq_jessica, uniq_terence,
          uniq_sigmund
D:3:      lemuel_crystal_altar, first_bread, kennysheep_generic_room_11

Skill      XL: |  1  2  3  4  5 |
---------------+----------------+-----
Maces & Flails | 3 5 6 |  6.6
Fighting       | |  2.1
Dodging        | |  1.3
Spellcasting   | |  2.0
Charms         | |  2.6

Action                   |  1- 3 |  4- 6 || total
-------------------------+-------+-------++-------
Melee: Mace              |    70 |   127 ||   197
       Tailslap          |     5 |    16 ||    21
       Morningstar       |       |    33 ||    33
 Cast: Infusion          |     1 |     4 ||     5
Invok: Bend Space        |       |     1 ||     1
  Use: Scroll            |       |     7 ||     7
 Stab: Sleeping          |     1 |     3 ||     4
  Eat: Chunk             |       |     2 ||     2
       Bread ration      |       |     1 ||     1
Armor: Skin              |    33 |    61 ||    94
Dodge: Dodged            |    50 |   126 ||   176
